 Dungeon Crawl Stone Soup version 0.26-a0-800-g517d6fe721 (webtiles) character file.

Game seed: 9291021685697546020

1760445 iamserjio the Ruinous (level 27, 257/257 (261) HPs)
             Began as an Octopode Air Elementalist on Nov 11, 2020.
             Was a High Priest of Okawaru.
             Escaped with the Orb
             ... and 3 runes!
             The game lasted 02:19:33 (66957 turns).

iamserjio the Ruinous (Octopode Air Elementalist)  Turns: 66957, Time: 02:19:33

HP:   257/257 (261) AC: 32    Str: 20    XL:     27
MP:   32/35         EV: 35    Int: 21    God:    Okawaru [*****.]
Gold: 1336          SH: 17    Dex: 24    Spells: 1/42 levels left

rFire    + + +     SeeInvis +     - Unarmed
rCold    + + +     Faith    .   H - +2 shield of Resistance {rF++ rC++ MR++}
rNeg     + . .     Spirit   .   v - +2 hat of Xoalis {Regen+ Dex+3 Stlth+}
rPois    ∞         Reflect  .   E - amulet of Vitality {Regen+ HP+15}
rElec    +         Harm     .   q - ring of Safrufab {rElec Dex+4 SInv}
rCorr    .         Rampage  .   n - +4 ring of protection
MR       +++++     Clarity  +   D - ring "Tel Ger" {Wiz rPois MR+}
Stlth    ++........             m - +4 ring of evasion
HPRegen  1.32/turn              t - ring of Rueleov {rF+ rC+ Str+3 Dex+3}
MPRegen  0.24/turn              N - +4 ring of slaying
                                w - +4 ring of slaying
                                r - +4 ring of slaying

@: statue-form, heroism, very slow
A: almost no armour, stealthy swim, amphibious, 8 rings, constrict 8, camouflage
1, agile 1, clarity, frail 1, mutation resistance 1, sense surroundings 1
0: Orb of Zot
}: 3/15 runes: decaying, serpentine, silver
a: End Transformation, Heroism, Finesse, Renounce Religion


You escaped.
You worshipped Okawaru.
Okawaru was extremely pleased with you.
You were a stone statue.
You visited 10 branches of the dungeon, and saw 50 of its levels.
You also visited: Bailey, Gauntlet, Ice Cave and Desolation.

You collected 12119 gold pieces.
You spent 10783 gold pieces at shops.

Inventory:

Missiles
 Q - 3 throwing nets (quivered) {!f}
 X - 39 curare-tipped darts
Armour
 k - the +1 hat of Cetug {rElec rCorr Int+5 Dex+4}
   (Okawaru gifted it to you on level 4 of the Depths)

   It affects your intelligence (+5).
   It affects your dexterity (+4).
   It insulates you from electricity.
   It provides partial protection from all sources of acid and corrosion.
 p - the +0 hat "Watwaara" {-Cast rCorr SInv Stlth+}
   (Okawaru gifted it to you on level 5 of the Realm of Zot)

   It lets you see invisible.
   It prevents spellcasting.
   It provides partial protection from all sources of acid and corrosion.
   It makes you more stealthy.
 v - the +2 hat of Xoalis (worn) {Regen+ Dex+3 Stlth+}
   (Okawaru gifted it to you on level 3 of the Elven Halls)

   It affects your dexterity (+3).
   It increases your rate of regeneration.
   It makes you more stealthy.
 H - the +2 shield of Resistance (worn) {rF++ rC++ MR++}
   (You found it on level 10 of the Dungeon)

   It greatly protects you from fire.
   It greatly protects you from cold.
   It affects your resistance to hostile enchantments.
Jewellery
 j - a +6 ring of dexterity
 m - a +4 ring of evasion (on tentacle)
 n - a +4 ring of protection (right tentacle)
 o - an uncursed ring of positive energy
 q - the ring of Safrufab (left tentacle) {rElec Dex+4 SInv}
   (You found it on level 4 of the Depths)

   [ring of see invisible]

   It affects your dexterity (+4).
   It insulates you from electricity.
   It lets you see invisible.
 r - a +4 ring of slaying (on tentacle)
 t - the ring of Rueleov (on tentacle) {rF+ rC+ Str+3 Dex+3}
   (You bought it in a shop on level 3 of the Snake Pit)

   [ring of protection from cold]

   It affects your strength (+3).
   It affects your dexterity (+3).
   It protects you from fire.
   It protects you from cold.
 w - a +4 ring of slaying (on tentacle)
 z - the ring of Fubbes {+Inv rElec Str-4 Stlth+}
   (You found it in an ice cave)

   [ring of stealth]

   It affects your strength (-4).
   It insulates you from electricity.
   It lets you turn invisible.
   It makes you more stealthy.
 D - the ring "Tel Ger" (on tentacle) {Wiz rPois MR+}
   (You bought it in a shop on level 3 of the Snake Pit)

   [ring of wizardry]

   It improves your spell success rate.
   It protects you from poison.
   It affects your resistance to hostile enchantments.
 E - the amulet of Vitality (around mantle) {Regen+ HP+15}
   (You bought it in a shop on level 5 of the Dungeon)

   [amulet of regeneration]

   It affects your health (+15).
   It increases your rate of regeneration.
 N - a +4 ring of slaying (on tentacle)
Wands
 s - a wand of paralysis (35)
 O - a wand of iceblast (62)
 T - a wand of acid (58)
 W - a wand of digging (26)
 Z - a wand of enslavement (24)
Scrolls
 a - 5 scrolls of amnesia
 e - 13 scrolls of teleportation {@r3}
 f - 7 scrolls of summoning
 l - 16 scrolls of fog
 B - 10 scrolls of blinking
 C - 8 scrolls of fear
 F - a scroll of silence
 I - 6 scrolls of magic mapping
 J - 2 scrolls of holy word
 K - 11 scrolls of identify {@r1}
Potions
 g - 17 potions of heal wounds
 h - a potion of invisibility
 i - 21 potions of curing {@q1}
 u - 7 potions of magic
 x - 8 potions of lignification
 A - 3 potions of resistance
 G - 7 potions of haste
 L - 4 potions of ambrosia
 M - 8 potions of cancellation
 R - 17 potions of might
 V - 2 potions of mutation
Miscellaneous
 b - a phantom mirror
 c - a box of beasts
 d - a condenser vane
 Y - a phial of floods


   Skills:
 - Level 22.0(27) Fighting
 - Level 13.0(18.0) Dodging
 - Level 2.6(7.6) Stealth
 - Level 10.0(15.0) Shields
 - Level 19.0(24.0) Unarmed Combat
 - Level 8.0 Spellcasting
 - Level 25.5 Conjurations
 - Level 2.0 Hexes
 - Level 8.0 Necromancy
 - Level 5.0 Translocations
 - Level 13.0 Transmutations
   Level 6.5 Air Magic
 - Level 12.5 Earth Magic
   Level 2.0 Poison Magic
 - Level 9.0 Invocations
 * Level 19.6 Evocations


You had one spell level left.
You knew the following spells:

 Your Spells              Type           Power        Failure   Level
a - Apportation           Tloc           ####..       1%          1
b - Passwall              Tmut/Erth      ######..     1%          2
c - Borgnjor's Vile Clut  Necr/Erth      ######....   1%          5
d - Statue Form           Tmut/Erth      ######...    2%          6
e - Invisibility          Hex            ###.....     88%         6
f - Blink                 Tloc           N/A          1%          2
g - Passage of Golubria   Tloc           N/A          4%          4
h - Iron Shot             Conj/Erth      ######....   1%          6
i - Irradiate             Conj/Tmut      ######....   1%          5
j - Leda's Liquefaction   Hex/Erth       #####.....   1%          4

Your spell library contained the following spells:

 Spells                   Type           Power        Failure   Level
 Magic Dart               Conj           ####         0%          1
 Shock                    Conj/Air       ####         0%          1
 Animate Skeleton         Necr           #####.       1%          1
 Beastly Appendage        Tmut           ######       1%          1
 Corona                   Hex            ###....      1%          1
 Foxfire                  Conj/Fire      ####         1%          1
 Pain                     Necr           ####         1%          1
 Sandblast                Erth           ######       1%          1
 Sting                    Tmut/Pois      ####         1%          1
 Freeze                   Ice            #...         3%          1
 Summon Small Mammal      Summ           #...         3%          1
 Searing Ray              Conj           ######       0%          2
 Stone Arrow              Conj/Erth      ######       0%          3
 Corpse Rot               Necr/Air       N/A          1%          2
 Poisonous Vapours        Pois/Air       ####..       1%          2
 Sublimation of Blood     Necr           #####.....   1%          2
 Swiftness                Air            #####...     1%          2
 Wereblood                Tmut           ######..     1%          2
 Conjure Flame            Conj/Fire      ######..     1%          3
 Dazzling Flash           Conj/Hex       ######       1%          3
 Gell's Gravitas          Tloc           ####......   1%          3
 Ignite Poison            Fire/Tmut/Pois ####....     1%          3
 Mephitic Cloud           Conj/Pois/Air  ######..     1%          3
 Spider Form              Tmut/Pois      #####.....   1%          3
 Static Discharge         Conj/Air       ######..     1%          3
 Vampiric Draining        Necr           #####.....   1%          3
 Animate Dead             Necr           #####.....   1%          4
 Dispel Undead            Necr           #####...     1%          4
 Fulminant Prism          Conj/Hex       ######....   1%          4
 Hailstorm                Conj/Ice       ######..     1%          4
 Iskenderun's Mystic Bla  Conj/Tloc      ######..     1%          4
 Petrify                  Tmut/Erth      ######..     1%          4
 Sticky Flame             Conj/Fire      ######..     1%          4
 Blade Hands              Tmut           ######....   1%          5
 Bolt of Magma            Conj/Fire/Erth ######....   1%          5
 Fireball                 Conj/Fire      ######....   1%          5
 Lee's Rapid Deconstruct  Erth           ######....   1%          5
 Lightning Bolt           Conj/Air       ######....   1%          5
 Conjure Ball Lightning   Conj/Air       ######....   1%          6
 Slow                     Hex            ###.....     2%          2
 Airstrike                Air            #####.....   2%          4
 Ice Form                 Ice/Tmut       #####...     2%          4
 Hydra Form               Tmut           ######....   2%          6
 Starburst                Conj/Fire      ######....   2%          6
 Ensorcelled Hibernation  Hex/Ice        ##....       3%          2
 Agony                    Necr           #####...     3%          5
 Excruciating Wounds      Necr           #####.....   3%          5
 Call Imp                 Summ           #.......     4%          2
 Confusing Touch          Hex            ###.....     4%          3
 Tukima's Dance           Hex            ###.....     4%          3
 Alistair's Intoxication  Tmut/Pois      #####....    4%          5
 Inner Flame              Hex/Fire       ##......     6%          3
 Freezing Cloud           Conj/Ice/Air   ######....   6%          6
 Call Canine Familiar     Summ           #.......     10%         3
 Frozen Ramparts          Ice            #.....       10%         3
 Ozocubu's Armour         Ice            #.......     10%         3
 Dragon Form              Tmut           ######....   13%         7
 Silence                  Hex/Air        ####......   16%         5
 Death Channel            Necr           #####.....   17%         6
 Eringya's Noxious Bog    Tmut/Pois      #####.....   22%         6
 Summon Ice Beast         Ice/Summ       #.......     30%         4
 Summon Forest            Summ/Tloc      ###.......   30%         5
 Metabolic Englaciation   Hex/Ice        ##........   47%         5
 Summon Mana Viper        Hex/Summ       ##......     47%         5
 Summon Demon             Summ           #.........   61%         5
 Simulacrum               Ice/Necr       ####......   65%         6
 Ozocubu's Refrigeration  Ice            #.........   99%         6
 Shadow Creatures         Summ           N/A          99%         6
 Summon Hydra             Summ           #.........   100%        7
 Disjunction              Tloc           ####......   100%        8
 Ignition                 Fire           #.........   100%        8
 Shatter                  Erth           ######....   100%        9


Dungeon Overview and Level Annotations

Branches:
Dungeon (15/15)            Temple (1/1) D:7            Lair (6/6) D:8
  Swamp (4/4) Lair:4        Snake (4/4) Lair:2        Slime (0/5) Lair:6
    Orc (2/2) D:10            Elf (3/3) Orc:2        Vaults (5/5) D:13
  Crypt (0/3) Vaults:3     Depths (5/5) D:15            Zot (5/5) Depths:5
 Bailey (visited)           IceCv (visited)         Desolation (visited)
Gauntlet (visited)

Altars:
Ashenzari
Cheibriados
Dithmenos
Elyvilon
Fedhas
Gozag
Hepliaklqana
Kikubaaqudgha
Makhleb
Nemelex Xobeh
Okawaru
Qazlal
Ru
Sif Muna
Trog
Uskayaw
Vehumet
Wu Jian
Xom
Yredelemnul
Zin
The Shining One
Beogh
Jiyva

Shops:
D:5 =   D:9 [   D:12 :   D:15 *   Orc:2 (![*:   Snake:1 }   Snake:3 }=}=?
Vaults:4 }   Depths:2 (   Depths:3 [[:?   Depths:5 =

Portals:
Hell: Depths:1 Depths:2 Depths:3 Depths:4 Depths:5
Abyss: Depths:4 Depths:5
Pandemonium: Depths:3 Depths:5
Ziggurat: Depths:1
Trove: D:11 (show slimy rune of Zot)

Annotations:
D:10 1 runed translucent door
Lair:6 exclusion: oklob plant
Elf:2 5 runed translucent doors, Aizul


Innate Abilities, Weirdness & Mutations

You cannot wear most types of armour.
You are very stealthy in the water. (Stealth+)
You are amphibious.
You can wear up to eight rings at the same time.
You can use your tentacles to constrict eight enemies at once.
Your skin changes colour to match your surroundings (Stealth+).
((Your rubbery body absorbs attacks. (AC +1, EV +1)))
You are agile. (Dex +2)
You possess an exceptional clarity of mind.
You are frail. (-10% HP)
You are somewhat resistant to further mutation.
You passively map a small area around you.


Message History

The hellion misses you. The hellion completely misses you.
You gain the combat prowess of a mighty hero.
The hellion completely misses you.
You thrash the hellion!!!
You kill the hellion!
Okawaru accepts your kill.
A hell beast comes into view.
You block the hell beast's attack. The hell beast misses you. x2
The hell beast completely misses you.
You enter the deep water.
You sink to the bottom.
Moving in this stuff is going to be slow.
The hell beast completely misses you.
The hell beast tramples you but does no damage.
You block the hell beast's attack. The hell beast completely misses you.
A Tzitzimitl comes into view.
There is a staircase leading out of the dungeon here.
The hell beast misses you.
The hell beast tramples you but does no damage.
The hell beast closely misses you. The hell beast completely misses you.
You have escaped!

..#...#.###..........###.....####
..#...#.###...............)..'..'
..#...#.(##..≈≈≈.≈≈≈.....)...####
..#...##.#.)≈≈♣..1.≈≈....##### #
..#...##...≈≈..8....≈≈...# #
#.#...##..≈≈.♣.......≈≈..# #
......[#..≈...........≈..#
..........≈.....2..8..≈..#
..........≈≈..8.8..♣.≈≈..#
#######....≈≈.......≈≈...# #
#.....≈≈...♣.≈≈..#.# #
#.#....≈≈≈≈≈≈≈.....# #
##.##...........###.# #
#............#### #.# #
#........###...####.# #
#.....##.# ##.......# ########.#
#..####.#


You could see a Tzitzimitl and a hell beast.

Vanquished Creatures
  8 ancient liches
  3 orbs of fire (Zot:5)
  Boris (twice) (Depths:3 Depths:4)
  5 Killer Klowns (Zot:5)
  the Lernaean hydra (Swamp:4)
  Vashnia (Snake:4)
  3 caustic shrikes (Depths:3)
  6 golden dragons
  Nikola (Snake:2)
  A profane servitor (D:12)
  2 electric golems (Zot:5)
  A bone dragon (Depths:5)
  A Brimstone Fiend (Depths:3)
  A lich (Depths:3)
  26 Orb Guardians
  A deep elf blademaster (Elf:3)
  14 tentacled monstrosities
  Asterion (Depths:1)
  6 titans
  4 deep elf master archers (Elf:3)
  A quicksilver dragon (Zot:5)
  An acid blob (shapeshifter) (Depths:4)
  An Executioner (D:7)
  3 sphinxes
  5 death cobs
  Gastronok (D:7)
  A thorn hunter (Swamp:4)
  2 storm dragons (shapeshifter) (Depths:4)
  11 nagarajas
  4 shadow dragons
  Donald (Swamp:1)
  7 storm dragons
  14 fire giants
  13 tengu reavers
  11 draconian monks
  Roxanne (Swamp:2)
  10 frost giants
  3 ghost moths
  2 imperial myrmidons (Desolation)
  2 iron dragons
  9 deep elf sorcerers
  2 orc warlords
  6 large abominations
  2 balrugs (Depths:3)
  16 vault wardens
  An iron dragon (shapeshifter) (Depths:4)
  4 draconian scorchers
  3 draconian shifters
  2 draconian knights (Zot:2)
  An angel (Depths:1)
  A cacodemon (D:4)
  17 stone giants
  2 juggernaut skeletons (Depths:5)
  A caustic shrike zombie (Depths:5)
  Louise (Elf:2)
  A draconian stormcaller (Zot:5)
  6 deep elf elementalists
  An entropy weaver (Vaults:2)
  13 ironheart preservers
  8 draconian annihilators
  A spriggan defender (Depths:3)
  5 deep elf demonologists
  6 war gargoyles
  Nessos (D:13)
  3 vampire knights
  21 very ugly things
  13 red draconians
  13 green draconians
  6 dire elephants (Lair:6)
  Azrael (Snake:1)
  A spark wasp (shapeshifter) (Depths:4)
  4 spark wasps
  6 black draconians
  13 white draconians
  2 halazid warlocks (Desolation)
  A minotaur (Gauntlet)
  A minotaur (shapeshifter) (Vaults:5)
  9 deep elf annihilators
  A lorocyproca (Depths:4)
  11 purple draconians
  The ghost of Warom the Blocker, a journeyman MiFi of the Shining One (Lair:3)
  6 yellow draconians
  4 bunyips
  Josephine (D:15)
  An eleionoma (Swamp:2)
  5 ragged hierophants
  13 deep elf death magi
  5 blizzard demons
  The ghost of ANON1729 the Cleaver, a journeyman HOCK of Xom (D:11)
  11 ettins
  2 shambling mangroves
  3 crystal guardians
  6 deep elf high priests
  8 fire dragons
  11 great orbs of eyes
  22 yaktaur captains
  13 ice dragons
  12 rakshasas
  26 hydras
  The ghost of Ysishiw the Fighter, a journeyman GnAK of Lugonu (Lair:3)
  A juggernaut simulacrum (Depths:4)
  12 boulder beetles
  27 vault guards
  4 peacekeepers (Desolation)
  3 servants of whispers (Desolation)
  15 naga warriors
  9 spriggan air magi
  4 death knights
  11 alligators
  9 centaur warriors
  A two-headed ogre (shapeshifter) (Vaults:5)
  6 ghost crabs
  2 catoblepae (Lair:4)
  14 deep troll shamans
  46 two-headed ogres
  21 dancing weapons
  13 anacondas
  19 death yaks
  3 vampire magi
  A titan zombie (Depths:5)
  19 deep troll earth magi
  4 tengu warriors
  13 ogre magi
  An orc high priest (Orc:1)
  A sun demon (Depths:3)
  3 goliath frogs
  2 spriggan berserkers (Depths:5)
  11 shock serpents
  20 naga sharpshooters
  23 deep elf knights
  5 iron trolls
  8 small abominations
  A fire crab (shapeshifter) (Depths:2)
  A soul eater (Depths:5)
  2 sixfirhies (D:4)
  2 shadow wraiths
  A titan skeleton (Depths:1)
  9 hell knights
  5 salamander mystics (Snake:4)
  11 skeletal warriors
  A storm dragon skeleton (Depths:5)
  3 unseen horrors
  2 spriggan druids (Swamp:1)
  A torturous demonspawn (Depths:3)
  A death drake (Depths:5)
  A glowing orange brain (Vaults:1)
  2 sea snakes (shapeshifter) (Vaults:5)
  An entropy weaver zombie (Vaults:1)
  A sea snake (Snake:1)
  10 naga ritualists
  21 ironbrand convokers
  24 deep trolls
  8 bog bodies
  8 swamp dragons
  2 gelid demonspawn (Depths:5)
  5 phantasmal warriors
  11 wizards
  2 orange crystal statues (Zot:5)
  6 necromancers
  2 golden dragon skeletons (Depths:5)
  7 flayed ghosts
  3 harpies (Vaults:3)
  2 shadow dragon zombies (Depths:5)
  8 orc knights
  2 lindwurms (Depths:5)
  20 deep elf archers
  A mana viper (shapeshifter) (Depths:4)
  A harpy (shapeshifter) (Depths:4)
  A lindwurm (shapeshifter) (Vaults:2)
  10 mana vipers
  2 sphinx zombies (Depths:1)
  A shining eye (shapeshifter) (Vaults:5)
  2 manticores (D:15)
  4 wolf spiders
  A stone giant zombie (Depths:1)
  8 moths of wrath
  45 ugly things
  62 deep elf magi
  2 oklob plants
  8 cyclopes
  2 orc sorcerers
  4 will-o-the-wisps
  2 manticores (shapeshifter)
  A salamander (Snake:2)
  An iron dragon skeleton (Depths:5)
  16 elephants
  A moth of wrath (shapeshifter) (Depths:5)
  2 shadow dragon skeletons
  3 sphinx skeletons (Depths:5)
  An ice statue (IceCv)
  A spectral centaur (D:11)
  3 spriggan zombies (Depths:5)
  3 centaur zombies
  15 vault sentinels
  A black mamba (shapeshifter) (Vaults:1)
  3 smoke demons
  A molten gargoyle (Desolation)
  31 black mambas
  9 guardian serpents
  13 naga magi
  A water nymph (shapeshifter) (Vaults:3)
  A gargoyle (D:9)
  Maurice (D:8)
  9 cane toads
  Psyche (D:8)
  A spriggan skeleton (Depths:5)
  3 hellions
  A rime drake (shapeshifter) (Vaults:4)
  6 rime drakes
  A yaktaur zombie (Depths:1)
  11 freezing wraiths
  2 orange demons
  Maggie (D:8)
  A kobold demonologist (D:13)
  3 hellwings
  A tormentor (Depths:3)
  A human skeleton (Vaults:1)
  6 tengu conjurers
  An efreet (D:12)
  63 yaktaurs
  13 komodo dragons
  3 tyrant leeches
  A queen bee (Gauntlet)
  A troll (shapeshifter) (Elf:2)
  2 wind drakes (Depths:5)
  12 polar bears
  A queen bee (shapeshifter) (Vaults:2)
  17 trolls
  Grinder (D:4)
  A wind drake (shapeshifter) (Depths:4)
  A jumping spider (shapeshifter) (Depths:2)
  9 hornets
  2 merfolk (shapeshifter)
  A blink frog (shapeshifter) (Vaults:4)
  36 saltlings
  3 blink frogs (Lair:6)
  2 raiju (Gauntlet)
  A raiju (shapeshifter) (Depths:3)
  20 slime creatures
  A snapping turtle (shapeshifter) (Vaults:5)
  9 dream sheep (Lair:6)
  6 air elementals
  3 redbacks (D:15)
  8 spriggans
  6 shadows
  A tarantella (D:15)
  5 wyverns
  A redback (shapeshifter) (Depths:3)
  5 water elementals
  6 basilisks
  8 fire elementals
  A hog (shapeshifter) (D:14)
  75 yaks
  5 wraiths
  2 basilisks (shapeshifter)
  A vampire (D:11)
  An elf zombie (Depths:5)
  A chaos spawn (Depths:3)
  A yaktaur simulacrum (Depths:1)
  2 steam dragons
  8 vampire mosquitoes
  An elf skeleton (Vaults:1)
  69 nagas
  12 swamp worms
  A soldier ant (D:13)
  A swamp worm (shapeshifter) (Depths:5)
  4 acid dragons
  3 wargs
  19 water moccasins
  A hell hound (Snake:1)
  2 tengu skeletons
  2 floating eyes
  13 swamp drakes
  6 ice beasts
  An orc zombie (Vaults:1)
  48 orc warriors
  3 sky beasts
  An eye of draining (D:11)
  2 black bears
  3 necrophages
  3 phantoms
  47 ogres
  29 wolves
  An eye of draining (shapeshifter) (Vaults:2)
  24 centaurs
  A tengu (D:13)
  4 boggarts (Depths:2)
  13 bullfrogs
  A scorpion (shapeshifter) (Depths:3)
  2 wyvern skeletons
  A water moccasin skeleton (D:5)
  12 killer bees
  A scorpion (D:10)
  5 jellies
  17 wights
  4 electric eels
  The ghost of stillor the Insei, a weakling OpTm (D:3)
  2 vampire bats (D:5)
  7 crimson imps (Depths:3)
  4 bullfrog zombies
  A quasit (D:11)
  7 hounds
  18 orc priests
  3 bullfrog skeletons
  8 centaur skeletons
  2 iron imps (Depths:3)
  10 iguanas
  19 orc wizards
  5 hell rats (Lair:5)
  15 worker ants
  Terence (D:2)
  A statue (D:5)
  A lightning spire (Gauntlet)
  A killer bee zombie (D:3)
  A hound zombie (D:3)
  3 hound skeletons
  A worker ant zombie (D:11)
  23 gnolls
  13 adders
  A shadow imp (D:9)
  11 white imps
  8 ufetubi
  2 oozes (D:3)
  An adder skeleton (D:5)
  5 worms
  2 dart slugs
  4 leopard geckos
  79 orcs
  5 ball pythons
  10 bats
  3 bat skeletons (D:5)
  4 bat zombies (D:5)
  7 giant cockroaches
  16 goblins
  17 hobgoblins
  3 quokkas
  A quokka (shapeshifter) (Depths:4)
  A ball python skeleton (D:4)
  5 frilled lizards
  2 giant cockroach zombies (D:5)
  18 kobolds
  6 rats
  3 crawling corpses
2444 creatures vanquished.

Vanquished Creatures (collateral kills)
  2 hydras (Swamp:4)
  3 bog bodies (Swamp:4)
  A swamp dragon (Swamp:4)
6 creatures vanquished.

Vanquished Creatures (others)
  An Ice Fiend (Depths:3)
  A fire giant (Depths:4)
  A small abomination (Vaults:5)
  An ogre mage (Vaults:3)
  A hydra (Swamp:4)
  A peacekeeper (Desolation)
  A goliath frog (Swamp:2)
  2 deep elf knights
  A swamp dragon (Swamp:2)
  A deep elf mage (Elf:1)
  A will-o-the-wisp (Swamp:3)
  A naga mage (Snake:4)
  A hornet (Depths:5)
  Grum (D:9)
  2 swamp worms (Swamp:3)
  A naga (Snake:4)
  A wolf (D:9)
  An ogre (Vaults:2)
  A hound (D:8)
  A white imp (Depths:3)
  An orc (Orc:1)
  A quokka (D:9)
  A crawling corpse (Elf:3)
  4 foxfires
  60 fungi
  62 plants
  6 withered plants (Lair:3)
157 creatures vanquished.

Grand Total: 2607 creatures vanquished

Notes
Turn   | Place    | Note
-------+----------+-------------------------------------------
     0 | D:1      | iamserjio the Octopode Air Elementalist began the quest for
                  | the Orb.
     0 | D:1      | Reached XP level 1. HP: 11/11 MP: 3/3
   252 | D:1      | Reached skill level 1 in Fighting
   266 | D:1      | Reached XP level 2. HP: 18/18 MP: 1/5
   895 | D:1      | Learned a level 2 spell: Swiftness
   933 | D:2      | Reached XP level 3. HP: 11/24 MP: 3/6
  1571 | D:2      | Noticed Terence
  1643 | D:2      | Reached XP level 4. HP: 23/30 MP: 4/7
  1889 | D:2      | Killed Terence
  2087 | D:2      | Reached XP level 5. HP: 32/37 MP: 4/8
  2590 | D:2      | Learned a level 4 spell: Airstrike
  2919 | D:3      | Found a transporter.
  2942 | D:3      | Found a transporter.
  2943 | D:3      | Noticed stillor's ghost (weakling OpTm)
  3875 | D:4      | Reached XP level 6. HP: 31/43 MP: 9/9
  3987 | D:4      | Learned a level 1 spell: Corona
  4005 | D:4      | Noticed Grinder
  4660 | D:4      | You fall into a shaft and drop 1 floor!
  4660 | D:5      | Entered Level 5 of the Dungeon
  4681 | D:5      | Noticed an ice beast
  4717 | D:5      | Found a radiant altar of Vehumet.
  4729 | D:5      | Reached skill level 5 in Air Magic
  4729 | D:5      | Reached XP level 7. HP: 48/48 MP: 2/10
  5257 | D:6      | Found a shadowy altar of Dithmenos.
  5585 | D:5      | Reached skill level 1 in Evocations
  6072 | D:5      | Reached skill level 5 in Dodging
  6072 | D:5      | Reached XP level 8. HP: 54/54 MP: 0/12
  6285 | D:5      | Found Voczy's Jewellery Boutique.
  6611 | D:5      | Found an ancient bone altar of Kikubaaqudgha.
  6919 | D:6      | Reached skill level 5 in Fighting
  7174 | D:7      | Reached skill level 1 in Hexes
  7663 | D:7      | Found a staircase to the Ecumenical Temple.
  7672 | Temple   | Entered the Ecumenical Temple
  7786 | Temple   | Became a worshipper of Warmaster Okawaru
  7807 | D:7      | Got a polished long sword
  7808 | D:7      | Identified the +8 long sword "Kiev Xedae" {antimagic, rElec
                  | rN+ Str-3} (You found it on level 7 of the Dungeon)
  8115 | D:7      | Reached skill level 1 in Invocations
  8115 | D:7      | Reached XP level 9. HP: 62/62 MP: 0/13
  8118 | D:7      | Found a snail-covered altar of Cheibriados.
  8244 | D:7      | Learned a level 3 spell: Mephitic Cloud
  8247 | D:7      | Learned a level 2 spell: Blink
  8277 | D:7      | Found a glowing silver altar of Zin.
  8809 | D:8      | Reached skill level 1 in Poison Magic
  8944 | D:8      | Reached skill level 1 in Translocations
  9236 | D:8      | Noticed Psyche
  9259 | D:8      | Found a staircase to the Lair.
  9259 | D:8      | Noticed a death yak
  9259 | D:8      | Noticed Maggie
  9259 | D:8      | Noticed a death yak
  9259 | D:8      | Noticed a death yak
  9259 | D:8      | Noticed a death yak
  9259 | D:8      | Noticed a death yak
  9259 | D:8      | Noticed a death yak
  9259 | D:8      | Noticed a death yak
  9259 | D:8      | Noticed Gastronok
  9372 | D:7      | Learned a level 1 spell: Animate Skeleton
  9508 | D:8      | Killed Psyche
  9508 | D:8      | Reached * piety under Okawaru
 10078 | D:9      | Reached ** piety under Okawaru
 10079 | D:9      | Reached skill level 5 in Evocations
 10079 | D:9      | Reached XP level 10. HP: 63/72 MP: 5/14
 10342 | D:9      | Found Taquczod's Antique Armour Shoppe.
 10445 | D:9      | Noticed a gargoyle
 10452 | D:9      | Killed a gargoyle
 10453 | D:9      | Noticed Grum
 10459 | D:9      | Found a white marble altar of Elyvilon.
 10517 | D:9      | Noticed a cyclops
 10527 | D:9      | Reached *** piety under Okawaru
 10529 | D:9      | Killed Grum
 10774 | D:9      | Killed a cyclops
 10774 | D:9      | Reached skill level 5 in Unarmed Combat
 11131 | D:9      | Noticed a red ugly thing
 11422 | D:9      | Killed a red ugly thing
 11634 | D:9      | Noticed a two-headed ogre
 11644 | D:9      | Killed a two-headed ogre
 11644 | D:9      | Reached **** piety under Okawaru
 11819 | D:10     | Entered Level 10 of the Dungeon
 11842 | D:10     | Found a flagged portal.
 11855 | Bailey   | Entered a bailey
 12463 | Bailey   | Identified a scroll of acquirement
 12463 | Bailey   | Acquired a book of the Earth
 12500 | D:10     | Reached XP level 11. HP: 78/78 MP: 6/15
 12733 | D:10     | Noticed an ice dragon
 12734 | D:10     | Found the +2 shield of Resistance {rF++ rC++ MR++}
 12734 | D:10     | Noticed an ice dragon
 12734 | D:10     | Noticed a fire dragon
 13421 | D:10     | Found a staircase to the Orcish Mines.
 13491 | D:10     | Reached skill level 5 in Invocations
 13707 | D:10     | Found a runed translucent door.
 13708 | D:10     | Noticed a fire dragon
 13719 | D:10     | Found a runed translucent door.
 14069 | D:11     | Found a blossoming altar of Fedhas.
 14163 | D:11     | Noticed ANON1729's ghost (journeyman HOCK)
 14164 | D:11     | Found a transporter.
 14197 | D:11     | Found a transporter.
 14268 | D:11     | Noticed an eight-headed hydra
 14288 | D:11     | Noticed a two-headed ogre
 14306 | D:11     | Killed a two-headed ogre
 14463 | D:11     | Reached skill level 10 in Fighting
 14581 | D:11     | Reached ***** piety under Okawaru
 14785 | D:11     | Found a portal to a secret trove of treasure.
 15171 | D:3      | Killed stillor's ghost
 15259 | D:4      | Paralysed by Grinder for 2 turns
 15263 | D:4      | Killed Grinder
 15606 | D:5      | Bought an uncursed ring of protection from magic for 275
                  | gold pieces
 15606 | D:5      | Bought an uncursed ring of poison resistance for 220 gold
                  | pieces
 15796 | D:8      | Found a bloodstained altar of Trog.
 15808 | D:8      | Killed Maggie
 15901 | D:8      | Noticed Maurice
 15910 | D:8      | Killed Maurice
 15910 | D:8      | Reached skill level 1 in Necromancy
 15971 | D:7      | Killed a death yak
 15971 | D:7      | Reached XP level 12. HP: 77/89 MP: 3/18
 16126 | Lair:1   | Entered Level 1 of the Lair of Beasts
 16133 | Lair:1   | Found a frozen archway.
 16142 | IceCv    | Entered an ice cave
 16501 | IceCv    | Received a gift from Okawaru
 16974 | IceCv    | Noticed a death yak
 17009 | IceCv    | Killed a death yak
 17122 | IceCv    | Noticed a frost giant
 17138 | IceCv    | Killed a frost giant
 17138 | IceCv    | Reached skill level 5 in Spellcasting
 17268 | IceCv    | Got a flickering copper ring
 17281 | IceCv    | Identified the ring of Fubbes {+Inv rElec Str-4 Stlth+}
                  | (You found it in an ice cave)
 17285 | IceCv    | Learned a level 1 spell: Apportation
 17292 | IceCv    | Learned a level 6 spell: Statue Form
 17297 | IceCv    | Learned a level 4 spell: Leda's Liquefaction
 17838 | Lair:1   | Reached skill level 1 in Transmutations
 17838 | Lair:1   | Reached skill level 1 in Earth Magic
 17845 | Lair:1   | Reached XP level 13. HP: 97/97 MP: 22/22
 17948 | Lair:1   | Reached skill level 1 in Shields
 17976 | Lair:1   | Received a gift from Okawaru
 18948 | Lair:2   | Acquired 1341 gold pieces
 18967 | Lair:2   | Got a scorched great mace
 19131 | Lair:2   | Received a gift from Okawaru
 19201 | Lair:2   | Found a staircase to the Snake Pit.
 19359 | Lair:2   | Reached skill level 5 in Transmutations
 19359 | Lair:2   | Reached skill level 5 in Earth Magic
 19779 | Lair:3   | Found a runed translucent gate.
 19779 | Lair:3   | Found a runed translucent gate.
 19779 | Lair:3   | Found a runed translucent gate.
 19781 | Lair:3   | Noticed Warom's ghost (journeyman MiFi)
 19781 | Lair:3   | Noticed Ysishiw's ghost (journeyman GnAK)
 19803 | Lair:3   | You fall into a shaft and drop 1 floor!
 19803 | Lair:4   | Found a staircase to the Swamp.
 19814 | Lair:3   | Found a gate leading to a gauntlet.
 19821 | Gauntlet | Entered a Gauntlet
 19821 | Gauntlet | Found a transporter.
 19821 | Gauntlet | Found a transporter.
 19824 | Gauntlet | Found a transporter.
 19825 | Gauntlet | Found a transporter.
 19826 | Gauntlet | Found a transporter.
 19839 | Gauntlet | Found a transporter.
 19840 | Gauntlet | Found a transporter.
 19855 | Gauntlet | Found a transporter.
 19855 | Gauntlet | Found a transporter.
 19873 | Gauntlet | Found a transporter.
 19877 | Gauntlet | Found a transporter.
 19887 | Gauntlet | Found a transporter.
 20340 | Gauntlet | Received a gift from Okawaru
 20508 | Gauntlet | Noticed a minotaur
 20528 | Gauntlet | Killed a minotaur
 20627 | Lair:3   | Received a gift from Okawaru
 20683 | Lair:3   | Got an encrusted spear {god gift}
 21101 | Lair:3   | Found a shimmering altar of Xom.
 22070 | Lair:4   | Reached XP level 14. HP: 42/103 MP: 23/23
 22312 | Lair:4   | Found a hide-covered altar of Uskayaw.
 23356 | Lair:4   | Received a gift from Okawaru
 23673 | Lair:5   | Found a white marble altar of Elyvilon.
 24095 | Lair:5   | You fall into a shaft and drop 1 floor!
 24095 | Lair:6   | Entered Level 6 of the Lair of Beasts
 24167 | Lair:5   | Reached skill level 2 in Conjurations
 24762 | Lair:6   | Found a staircase to the Slime Pits.
 24762 | Lair:6   | Found a viscous altar of Jiyva.
 25003 | Lair:6   | Reached skill level 3 in Conjurations
 25107 | Lair:6   | Received a gift from Okawaru
 25846 | Lair:6   | Found a blossoming altar of Fedhas.
 26081 | Lair:6   | Reached skill level 10 in Earth Magic
 26172 | Lair:6   | Reached skill level 10 in Transmutations
 26176 | Lair:6   | Noticed a dire elephant
 26176 | Lair:6   | Noticed a dire elephant
 26185 | Lair:6   | Noticed a dire elephant
 26201 | Lair:6   | Killed a dire elephant
 26689 | Lair:3   | Killed Warom's ghost
 26689 | Lair:3   | Reached skill level 4 in Conjurations
 26700 | Lair:3   | Killed Ysishiw's ghost
 26768 | Lair:6   | Noticed a dire elephant
 26777 | Lair:6   | Killed a dire elephant
 26777 | Lair:6   | Reached XP level 15. HP: 108/108 MP: 16/24
 26792 | Lair:6   | Received a gift from Okawaru
 27576 | Lair:6   | Found a viscous altar of Jiyva.
 27576 | Lair:6   | Found a staircase to the Slime Pits.
 27578 | Lair:6   | Found a blossoming altar of Fedhas.
 27799 | D:8      | Reached skill level 5 in Conjurations
 27816 | D:8      | Reached skill level 5 in Shields
 28061 | D:7      | Found a snail-covered altar of Cheibriados.
 28075 | D:7      | Killed Gastronok
 28224 | D:7      | Found a staircase to the Ecumenical Temple.
 28403 | D:7      | Found a glowing silver altar of Zin.
 29051 | D:11     | Killed ANON1729's ghost
 29208 | D:5      | Bought the amulet of Vitality {Regen+ HP+15} for 869 gold
                  | pieces
 29208 | D:5      | Found the amulet of Vitality {Regen+ HP+15}
 29208 | D:5      | Bought a +4 ring of slaying for 858 gold pieces
 29996 | D:12     | Received a gift from Okawaru
 30066 | D:12     | Found Xuitovvajer's Book Boutique.
 30573 | D:13     | Learned a level 5 spell: Irradiate
 30575 | D:13     | Acquired 661 gold pieces
 30920 | D:13     | Reached XP level 16. HP: 114/114 MP: 6/26
 31007 | D:13     | Found a gate to the Vaults.
 31083 | D:13     | Found a snail-covered altar of Cheibriados.
 31296 | D:13     | Noticed Sonja
 31297 | D:13     | Noticed Sonja
 31297 | D:13     | Sonja changed into Sonja the tengu
 31302 | D:13     | Killed Sonja the tengu
 31373 | D:13     | Noticed Nessos
 31386 | D:13     | Killed Nessos
 31386 | D:13     | Reached skill level 10 in Shields
 31568 | D:13     | Learned a level 2 spell: Passwall
 31574 | D:13     | Learned a level 5 spell: Lee's Rapid Deconstruction
 31987 | D:14     | Received a gift from Okawaru
 32306 | D:14     | Found a glowing silver altar of Zin.
 32467 | D:15     | Entered Level 15 of the Dungeon
 32467 | D:15     | Noticed Josephine
 32473 | D:15     | Killed Josephine
 32795 | D:15     | Found a broken altar of Ashenzari.
 32831 | D:15     | Found Geanoiv's Assorted Antiques.
 32839 | D:15     | Bought a runed emerald ring for 120 gold pieces
 32839 | D:15     | Bought a potion of heal wounds for 120 gold pieces
 32839 | D:15     | Bought 3 scrolls of magic mapping for 252 gold pieces
 32839 | D:15     | Bought a steel ring for 120 gold pieces
 32839 | D:15     | Bought a scroll of teleportation for 72 gold pieces
 32911 | D:15     | Found a staircase to the Depths.
 33317 | Orc:1    | Entered Level 1 of the Orcish Mines
 33364 | Orc:1    | Found a roughly hewn altar of Beogh.
 33529 | Orc:2    | Entered Level 2 of the Orcish Mines
 33626 | Orc:2    | Found Berock's Assorted Antiques.
 33637 | Orc:2    | Bought a potion of haste for 160 gold pieces
 33737 | Orc:2    | Found a roughly hewn altar of Beogh.
 33788 | Orc:2    | Found a staircase to the Elven Halls.
 34063 | Orc:2    | Found Gudonkao's Armour Emporium.
 34074 | Orc:2    | Reached XP level 17. HP: 123/123 MP: 15/28
 34101 | Orc:2    | Found Zetweeb's Book Emporium.
 34102 | Orc:2    | Found Xora's Distillery.
 34245 | Orc:2    | Found Ynav's Weapon Shoppe.
 34248 | Orc:2    | Bought 2 potions of might for 120 gold pieces
 34248 | Orc:2    | Bought a potion of haste for 150 gold pieces
 34248 | Orc:2    | Bought a potion of curing for 45 gold pieces
 34248 | Orc:2    | Bought a potion of magic for 120 gold pieces
 34248 | Orc:2    | Bought a potion of heal wounds for 75 gold pieces
 34248 | Orc:2    | Bought a potion of might for 60 gold pieces
 34248 | Orc:2    | Bought a potion of heal wounds for 75 gold pieces
 34541 | Orc:1    | Received a gift from Okawaru
 34541 | Orc:1    | Reached skill level 10 in Unarmed Combat
 34542 | Orc:1    | Found the +8 storm bow {elec, penet}
 34600 | Orc:1    | Found a roughly hewn altar of Beogh.
 34604 | Orc:1    | Reached skill level 10 in Dodging
 34934 | Elf:1    | Entered Level 1 of the Elven Halls
 35412 | Elf:1    | Reached ****** piety under Okawaru
 35534 | Elf:1    | Received a gift from Okawaru
 35873 | Elf:2    | Noticed Louise
 35893 | Elf:2    | Killed Louise
 35908 | Elf:2    | Found a shimmering blue altar of Sif Muna.
 35942 | Elf:2    | Reached skill level 15 in Fighting
 36013 | Elf:2    | Reached XP level 18. HP: 93/134 MP: 30/30
 36332 | Elf:2    | Found a huge runed translucent gate.
 36332 | Elf:2    | Found a huge runed translucent gate.
 36332 | Elf:2    | Found a huge runed translucent gate.
 36332 | Elf:2    | Found a huge runed translucent gate.
 36346 | Elf:2    | Found a huge runed translucent gate.
 36363 | Elf:2    | Noticed Aizul
 36416 | Elf:3    | Entered Level 3 of the Elven Halls
 36449 | Elf:3    | Received a gift from Okawaru
 36450 | Elf:3    | Got a faintly glowing hat {god gift}
 37568 | Elf:3    | Noticed a deep elf blademaster
 37588 | Elf:3    | Killed a deep elf blademaster
 37780 | Elf:3    | Noticed a deep elf master archer
 37783 | Elf:3    | Killed a deep elf master archer
 37909 | Elf:3    | Noticed a deep elf master archer
 37916 | Elf:3    | Killed a deep elf master archer
 37916 | Elf:3    | Reached skill level 6 in Conjurations
 37978 | Elf:3    | Noticed a deep elf master archer
 37980 | Elf:3    | Received a gift from Okawaru
 37984 | Elf:3    | Killed a deep elf master archer
 37987 | Elf:3    | Killed a ghostly deep elf master archer
 38007 | Elf:3    | Identified the +4 dagger of Darkness {protect, rElec MR+
                  | Str+3}
 38144 | Elf:3    | Got a faintly glowing hand axe
 38154 | Elf:3    | Got a transparent flail
 38330 | Elf:3    | Noticed a deep elf master archer
 38338 | Elf:3    | Killed a deep elf master archer
 38445 | Elf:3    | Learned a level 4 spell: Passage of Golubria
 38687 | Swamp:1  | Entered Level 1 of the Swamp
 38687 | Swamp:1  | Noticed Donald
 38693 | Swamp:1  | Killed Donald
 38693 | Swamp:1  | Reached XP level 19. HP: 144/144 MP: 23/31
 39443 | Swamp:2  | Reached skill level 7 in Conjurations
 39464 | Swamp:2  | Identified Roxanne's Papyrus of Clay
 39464 | Swamp:2  | Noticed Roxanne
 39475 | Swamp:2  | Killed Roxanne
 39888 | Swamp:2  | Received a gift from Okawaru
 40250 | Swamp:3  | Reached skill level 8 in Conjurations
 40342 | Swamp:3  | Identified the +2 hat of Xoalis {Regen+ Dex+3 Stlth+}
                  | (Okawaru gifted it to you on level 3 of the Elven Halls)
 40748 | Swamp:4  | Entered Level 4 of the Swamp
 40787 | Swamp:4  | Reached skill level 5 in Translocations
 41028 | Swamp:4  | Reached skill level 9 in Conjurations
 41055 | Swamp:4  | Noticed the 27-headed Lernaean hydra
 41060 | Swamp:4  | Killed the 27-headed Lernaean hydra
 41078 | Swamp:4  | Got a decaying rune of Zot
 41725 | Snake:1  | Entered Level 1 of the Snake Pit
 41766 | Snake:1  | Noticed Azrael
 41775 | Snake:1  | Killed Azrael
 41775 | Snake:1  | Received a gift from Okawaru
 41775 | Snake:1  | Reached skill level 10 in Conjurations
 41785 | Snake:1  | Reached XP level 20. HP: 154/154 MP: 32/32
 41883 | Snake:1  | Got a slimy buckler {god gift}
 42056 | Snake:1  | Found Ojaqyar's Gadget Boutique.
 42062 | Snake:1  | Bought a wand of iceblast (7) for 165 gold pieces
 42062 | Snake:1  | Bought a wand of enslavement (5) for 105 gold pieces
 42062 | Snake:1  | Bought a wand of acid (5) for 270 gold pieces
 42062 | Snake:1  | Bought a wand of digging (5) for 270 gold pieces
 43191 | Snake:2  | Reached skill level 11 in Conjurations
 43209 | Snake:2  | Noticed Nikola
 43220 | Snake:2  | Killed Nikola
 43965 | Snake:3  | Found Giuw's Magic Scroll Shoppe.
 43998 | Snake:3  | Bought a scroll of teleportation for 42 gold pieces
 43998 | Snake:3  | Bought a scroll of blinking for 105 gold pieces
 43998 | Snake:3  | Bought a scroll of fear for 49 gold pieces
 43998 | Snake:3  | Bought a scroll of acquirement for 728 gold pieces
 43998 | Snake:3  | Bought a scroll of teleportation for 42 gold pieces
 43998 | Snake:3  | Bought a scroll of identify for 28 gold pieces
 43998 | Snake:3  | Bought a scroll of identify for 28 gold pieces
 43998 | Snake:3  | Acquired 1048 gold pieces
 44054 | Snake:3  | Found Pulenud's Jewellery Boutique.
 44062 | Snake:3  | Bought the ring "Tel Ger" {Wiz rPois MR+} for 936 gold
                  | pieces
 44120 | Snake:3  | Found Myem's Gadget Shop.
 44120 | Snake:3  | Found Hyid's Jewellery Emporium.
 44121 | Snake:3  | Found Detzeav's Gadget Shop.
 44136 | Snake:3  | Bought a wand of digging (6) for 320 gold pieces
 44289 | Snake:4  | Entered Level 4 of the Snake Pit
 44481 | Snake:4  | Reached skill level 12 in Conjurations
 44688 | Snake:4  | Received a gift from Okawaru
 44781 | Snake:4  | Noticed Vashnia
 44823 | Snake:4  | Killed Vashnia
 44868 | Snake:4  | Found an ornate altar of the Wu Jian Council.
 44980 | Snake:4  | Reached XP level 21. HP: 163/163 MP: 33/33
 45008 | Snake:4  | Reached skill level 15 in Unarmed Combat
 45721 | Snake:4  | Identified the Guide on Congealing Shape Shifting
 45728 | Snake:4  | Got a serpentine rune of Zot
 45898 | Snake:3  | Bought a scroll of amnesia for 49 gold pieces
 46301 | Vaults:1 | Entered Level 1 of the Vaults
 46518 | Vaults:1 | Found a ruined gateway.
 46537 | Desolati | Entered the Desolation of Salt
 46634 | Desolati | Got a pitted pewter ring
 46636 | Desolati | Identified Xonaar's Collected Works on the Frostbite
 46645 | Desolati | Got a pitted ivory amulet
 46646 | Desolati | Identified the amulet of the Traitor {Acrobat rPois Int+4
                  | Dex+4} (You found it in the Desolation of Salt)
 46647 | Desolati | Identified the ring "Igguiron" {Fire Str+7 Stlth-} (You
                  | found it in the Desolation of Salt)
 46713 | Desolati | Received a gift from Okawaru
 46735 | Desolati | Identified the Handbook of Mutagenic Calling
 46853 | Desolati | Identified Lexkaiguy's Grimoire of Attacks
 46858 | Desolati | Identified the Handbook of Shifting Necromancy
 47585 | Vaults:1 | Reached XP level 22. HP: 174/174 MP: 26/34
 47943 | Vaults:1 | Acquired 1224 gold pieces
 48056 | Vaults:1 | Learned a level 6 spell: Invisibility
 48062 | Vaults:1 | Learned a level 5 spell: Summon Mana Viper
 48310 | Vaults:2 | Received a gift from Okawaru
 48891 | Vaults:2 | Reached skill level 13 in Conjurations
 49224 | Vaults:2 | Received a gift from Okawaru
 49781 | Vaults:3 | Reached XP level 23. HP: 182/182 MP: 35/35
 49935 | Vaults:3 | Found a staircase to the Crypt.
 51400 | Vaults:4 | Received a gift from Okawaru
 51408 | Vaults:4 | Reached skill level 14 in Conjurations
 51548 | Vaults:4 | Found a shimmering altar of Xom.
 51585 | Vaults:4 | Found Veffob's Gadget Emporium.
 51624 | Vaults:4 | Bought a wand of digging (4) for 192 gold pieces
 51624 | Vaults:4 | Bought a wand of digging (4) for 192 gold pieces
 51624 | Vaults:4 | Bought a wand of acid (10) for 336 gold pieces
 51899 | Vaults:4 | Received a gift from Okawaru
 51934 | Vaults:4 | Got a transparent triple crossbow {god gift}
 52075 | Vaults:5 | Entered Level 5 of the Vaults
 52088 | Vaults:5 | Received a gift from Okawaru
 52091 | Vaults:5 | Reached skill level 15 in Conjurations
 52119 | Vaults:5 | Noticed a golden dragon
 52130 | Vaults:5 | Killed a golden dragon
 52167 | Vaults:5 | Reached XP level 24. HP: 100/189 MP: 20/35
 52173 | Vaults:5 | Reached skill level 16 in Conjurations
 52190 | Vaults:5 | Noticed an ancient lich
 52192 | Vaults:5 | Noticed an ancient lich
 52198 | Vaults:5 | Killed an ancient lich
 52198 | Vaults:5 | Received a gift from Okawaru
 52257 | Vaults:5 | Reached skill level 17 in Conjurations
 52310 | Vaults:5 | Gained mutation: You tend to lose your temper in combat. [a
                  | shining eye]
 52315 | Vaults:5 | Lost mutation: You tend to lose your temper in combat.
                  | [potion of mutation]
 52315 | Vaults:5 | Gained mutation: You are dopey. (Int -2) [potion of
                  | mutation]
 52315 | Vaults:5 | Gained mutation: You possess an exceptional clarity of
                  | mind. [potion of mutation]
 52315 | Vaults:5 | Gained mutation: You expend magic power (3 MP) to
                  | strengthen your wands. [potion of mutation]
 52409 | Vaults:5 | Noticed an ancient lich
 52416 | Vaults:5 | Killed an ancient lich
 52419 | Vaults:5 | Reached skill level 18 in Conjurations
 52571 | Vaults:5 | Identified the +10 hand axe of Arrival {holy, Str+4 Int-4
                  | Stlth+}
 52757 | Vaults:5 | Killed an ancient lich
 52759 | Vaults:5 | Received a gift from Okawaru
 52766 | Vaults:5 | Identified the +6 glaive "Diogoac" {flame, +Inv rC+ Str-4}
 52766 | Vaults:5 | Identified the +1 robe of Kapiy {+Blink rN+ Regen+ Dex+4}
 52841 | Vaults:5 | Got a silver rune of Zot
 53050 | Vaults:5 | Reached skill level 19 in Conjurations
 53252 | Vaults:5 | Identified the ring of Zobrif Gurom {Ice rPois} (You found
                  | it on level 5 of the Vaults)
 53373 | Vaults:5 | Received a gift from Okawaru
 54082 | Snake:3  | Bought the ring of Rueleov {rF+ rC+ Str+3 Dex+3} for 825
                  | gold pieces
 54278 | Orc:2    | Bought a wand of enslavement (11) for 32 gold pieces
 54454 | Depths:1 | Entered Level 1 of the Depths
 54454 | Depths:1 | Found a gateway to a ziggurat.
 54553 | Depths:1 | Reached XP level 25. HP: 195/195 MP: 35/35
 54649 | Depths:1 | You fall into a shaft and drop 1 floor!
 54913 | Depths:1 | Reached skill level 20 in Conjurations
 54956 | Depths:1 | Found a gateway to Hell.
 55278 | Depths:1 | Found a glowing golden altar of the Shining One.
 55278 | Depths:1 | Noticed Asterion
 55284 | Depths:1 | Killed Asterion
 55737 | Depths:2 | Found Udghoo Tusumm's Weapon Shop.
 56189 | Depths:2 | Received a gift from Okawaru
 56454 | Depths:3 | Noticed Boris
 56460 | Depths:3 | Killed Boris
 56710 | Depths:3 | Reached skill level 10 in Evocations
 56844 | Depths:3 | Found a one-way gate leading to the halls of Pandemonium.
 56906 | Depths:3 | Identified Sif Muna's Tome of Mutagenic Ignition
 56908 | Depths:3 | Identified the Almanac of Quantum Venom
 56928 | Depths:3 | Found the +4 robe of Augmentation {Str+4 Int+4 Dex+4}
 56945 | Depths:3 | Got an ancient short sword
 57163 | Depths:3 | Received a gift from Okawaru
 57195 | Depths:3 | Reached skill level 21 in Conjurations
 57195 | Depths:3 | Reached XP level 26. HP: 201/201 MP: 33/35
 57477 | Depths:3 | Received a gift from Okawaru
 57478 | Depths:3 | Got a smoking longbow {god gift}
 57627 | Depths:3 | Found Zicvod's Armour Boutique.
 57627 | Depths:3 | Found Micrifud's Magic Scroll Emporium.
 57627 | Depths:3 | Found For Souf's Antique Armour Emporium.
 57627 | Depths:3 | Found Xoucsedgh's Book Shop.
 57639 | Depths:3 | Bought a scroll of fog for 38 gold pieces
 57639 | Depths:3 | Bought a scroll of silence for 142 gold pieces
 57639 | Depths:3 | Bought a scroll of holy word for 142 gold pieces
 57993 | Depths:3 | Reached skill level 22 in Conjurations
 58730 | Depths:4 | Received a gift from Okawaru
 58745 | Depths:4 | Identified the +1 hat of Cetug {rElec rCorr Int+5 Dex+4}
                  | (Okawaru gifted it to you on level 4 of the Depths)
 58825 | Depths:4 | Found a one-way gate to the infinite horrors of the Abyss.
 59172 | Depths:4 | Got a scintillating pewter ring
 59441 | Depths:4 | Identified the ring of Safrufab {rElec Dex+4 SInv} (You
                  | found it on level 4 of the Depths)
 59449 | Depths:5 | Entered Level 5 of the Depths
 59487 | Depths:5 | Reached skill level 23 in Conjurations
 59517 | Depths:5 | Reached XP level 27. HP: 207/207 MP: 32/35
 59559 | Depths:5 | Paralysed by a floating eye for 2 turns
 60229 | Depths:5 | Received a gift from Okawaru
 60233 | Depths:5 | Reached skill level 24 in Conjurations
 60398 | Depths:5 | Got a spiked kite shield {god gift}
 60399 | Depths:5 | Identified the -5 kite shield of Haunted Life {rElec rPois}
                  | (Okawaru gifted it to you on level 5 of the Depths)
 60601 | Depths:5 | Found a gate to the Realm of Zot.
 60756 | Depths:5 | Found Vall's Jewellery Emporium.
 60988 | Depths:5 | Found the +9 sword of Zonguldrok {reap}
 61197 | Depths:5 | Bought a +4 ring of slaying for 1716 gold pieces
 61931 | Depths:5 | Learned a level 6 spell: Iron Shot
 61936 | Depths:5 | Learned a level 4 spell: Leda's Liquefaction
 61943 | Depths:5 | Learned a level 5 spell: Borgnjor's Vile Clutch
 61969 | Zot:1    | Entered Level 1 of the Realm of Zot
 62332 | Snake:3  | Bought an uncursed ring of positive energy for 320 gold
                  | pieces
 62874 | Zot:2    | Reached skill level 5 in Necromancy
 62881 | Zot:2    | Reached skill level 25 in Conjurations
 62901 | Zot:2    | Received a gift from Okawaru
 63118 | Zot:5    | Entered Level 5 of the Realm of Zot
 64023 | Zot:5    | Noticed an orb of fire
 64030 | Zot:5    | Gained mutation: You are occasionally teleported next to
                  | monsters. [an orb of fire]
 64033 | Zot:5    | Gained mutation: You are surrounded by a mild repulsion
                  | field. (EV +2) [an orb of fire]
 64034 | Zot:5    | Gained mutation: You are clumsy. (Dex -2) [an orb of fire]
 64035 | Zot:5    | Killed an orb of fire
 64035 | Zot:5    | Received a gift from Okawaru
 64041 | Zot:5    | Lost mutation: You are clumsy. (Dex -2) [potion of
                  | mutation]
 64041 | Zot:5    | Lost mutation: You are occasionally teleported next to
                  | monsters. [potion of mutation]
 64041 | Zot:5    | Gained mutation: You are frail. (-10% HP) [potion of
                  | mutation]
 64041 | Zot:5    | Gained mutation: You are resistant to hostile enchantments.
                  | (MR+) [potion of mutation]
 64041 | Zot:5    | Gained mutation: One of your tentacles bears a spike.
                  | [potion of mutation]
 64041 | Zot:5    | Gained mutation: You passively map a small area around you.
                  | [potion of mutation]
 64041 | Zot:5    | Noticed an ancient lich
 64046 | Zot:5    | Killed an ancient lich
 64046 | Zot:5    | Noticed an ancient lich
 64048 | Zot:5    | Killed an ancient lich
 64056 | Zot:5    | Got a steaming hat {god gift}
 64126 | Zot:5    | Noticed an ancient lich
 64140 | Zot:5    | Killed an ancient lich
 64899 | Zot:5    | Reached skill level 15 in Evocations
 64907 | Zot:5    | Noticed an orb of fire
 64917 | Zot:5    | Gained mutation: You are very frail. (-20% HP) [an orb of
                  | fire]
 64918 | Zot:5    | Gained mutation: Potions are less effective at restoring
                  | your health. [an orb of fire]
 64919 | Zot:5    | Gained mutation: Scrolls take you a little longer to read.
                  | [an orb of fire]
 64921 | Zot:5    | Killed an orb of fire
 64921 | Zot:5    | Received a gift from Okawaru
 65204 | Zot:5    | Noticed an ancient lich
 65216 | Zot:5    | Killed an ancient lich
 65675 | Zot:5    | Received a gift from Okawaru
 65734 | Zot:5    | Noticed an ancient lich
 65737 | Zot:5    | Noticed an orb of fire
 65740 | Zot:5    | Received a gift from Okawaru
 65745 | Zot:5    | Killed an ancient lich
 65749 | Zot:5    | Killed an orb of fire
 66337 | Zot:5    | Identified the +0 hat "Watwaara" {-Cast rCorr SInv Stlth+}
                  | (Okawaru gifted it to you on level 5 of the Realm of Zot)
 66435 | Zot:5    | Lost mutation: You expend magic power (3 MP) to strengthen
                  | your wands. [potion of mutation]
 66435 | Zot:5    | Lost mutation: Scrolls take you a little longer to read.
                  | [potion of mutation]
 66435 | Zot:5    | Lost mutation: One of your tentacles bears a spike. [potion
                  | of mutation]
 66435 | Zot:5    | Gained mutation: You are agile. (Dex +2) [potion of
                  | mutation]
 66435 | Zot:5    | Gained mutation: One of your tentacles bears a spike.
                  | [potion of mutation]
 66436 | Zot:5    | Lost mutation: You are dopey. (Int -2) [potion of mutation]
 66436 | Zot:5    | Lost mutation: Potions are less effective at restoring your
                  | health. [potion of mutation]
 66436 | Zot:5    | Lost mutation: One of your tentacles bears a spike. [potion
                  | of mutation]
 66436 | Zot:5    | Gained mutation: You are somewhat resistant to further
                  | mutation. [potion of mutation]
 66437 | Zot:5    | Lost mutation: You are resistant to hostile enchantments.
                  | (MR+) [potion of mutation]
 66437 | Zot:5    | Lost mutation: You are surrounded by a mild repulsion
                  | field. (EV +2) [potion of mutation]
 66437 | Zot:5    | Lost mutation: You are very frail. (-20% HP) [potion of
                  | mutation]
 66455 | Zot:5    | Got the Orb of Zot
 66583 | Depths:4 | Noticed Boris
 66589 | Depths:4 | Killed Boris
 66892 | D:4      | Noticed Fynlookk the pandemonium lord
 66957 | D:$      | Escaped with the Orb!

Illustrated notes

Levels and vault maps discovered:
D:1:      moated_graveyard_arrival, layout_basic
D:2:      layout_loops_ring, minmay_tree_intersection, st_stairs_11,
          minmay_tromino_v4_c, uniq_terence
D:3:      layout_basic, gammafunk_ghost_mausoleum
D:4:      layout_cave_pods, uniq_grinder
D:5:      layout_rooms, vehumet_statue, kennysheep_vampire_church, serial_shops,
          kennysheep_mini_moat, feat_on_display
D:6:      layout_rooms, kennysheep_donut, minmay_misc_feat_x,
          nicolae_dithmenos_through_a_glass_darkly
D:7:      layout_cave_pools, zin_academy, minmay_temple_entry_waves,
          cheibriados_altar_1
D:8:      layout_rooms, lightli_temple_of_fire, dpeg_lair_monsters, uniq_psyche,
          uniq_maggie, uniq_maurice, uniq_gastronok
D:9:      layout_roguey, serial_shops, shop, elyvilon_altar_4, uniq_grum
D:10:     layout_loops_ring, david_orc_1_choice, enter_bailey_3,
          minmay_guarded_unrand_resistance
D:11:     layout_loops_ring, basic_altar, nicolae_trove_entry_crystal,
          gammafunk_ghost_mausoleum, nrook_pool_corridor
D:12:     layout_loops_corners, serial_shops, shop
D:13:     layout_roguey, david_vaults_1, lemuel_oklob_altar, uniq_nessos,
          uniq_sonja
D:14:     layout_cave_pools, zin_angel, minmay_increasing_density
D:15:     grunt_enter_depths_giant_problem, layout_cross, serial_shops, shop,
          ashenzari_altar_1, uniq_josephine
Temple:   hc_temple_tempest_star
Lair:1:   layout_regular_city, portal_ice_cave_entry_pillars_2,
          grunt_megastairs_1, serial_bayou_shore_b
Lair:2:   layout_loops_ring, dummy_snake_entry
Lair:3:   layout_gridlike, basic_altar, gauntlet_entry_generic,
          gammafunk_ghost_cemetery, serial_bayou_lake_a
Lair:4:   layout_roguey, minmay_swamp_entry_reptiles, basic_altar
Lair:5:   layout_loops_ring, basic_altar, st_stairs_7, grunt_megastairs_5
Lair:6:   due_jungle_book, layout_gridlike, slime_altar_1, minivault_23,
          tgw_fedhas
Swamp:1:  layout_basic_swamp, nicolae_swamp_feature_on_the_river_bank,
          uniq_donald
Swamp:2:  layout_basic_swamp, nicolae_swamp_fairy_circle, swamp_pool3,
          uniq_roxanne
Swamp:3:  layout_basic_swamp, evilmike_swamp_ruin_house_3
Swamp:4:  grunt_swamp_rune_castle, layout_basic_swamp, swamp_pool1,
          nicolae_swamp_snake_nest
Snake:1:  layout_layer_cave, serial_shops, nicolae_shop_statue_plus,
          serial_bayou_ford_a, uniq_azrael
Snake:2:  layout_misc_corridors, uniq_nikola
Snake:3:  layout_misc_corridors, serial_shops, shop, nicolae_shop_trees,
          minmay_shop_grove
Snake:4:  johnstein_snake_rune_scales, layout_cave_town, basic_altar,
          corexii_hall_statues_t, nicolae_snake_single_loop, uniq_vashnia
Orc:1:    orc_temple, layout_caves, basic_altar
Orc:2:    st_orc_open, layout_diamond_mine, basic_altar, serial_shops, shop
Elf:1:    layout_gridlike, hangedman_elf_represent
Elf:2:    layout_geoelf_grid, basic_altar, uniq_aizul, uniq_louise
Elf:3:    minmay_elf_hall_four_x, layout_loops_corners
Vaults:1: nicolae_vaults_triangles, nicolae_vaults_hallways_thing,
          ontoclasm_vaults_echo, nicolae_vaults_theta,
          nicolae_vaults_little_squares_6, vaults_dpeg_cross,
          nicolae_vaults_asterisk, nicolae_vaults_alarming,
          grunt_vaults_hallway_short, layout_vaults_omnigrid,
          portal_desolation_entry_salt
Vaults:2: v_pattern_4, v_rooms_1, v_alt_pattern_6, vaults_room_grid,
          nicolae_vaults_little_squares_3, grunt_vaults_trifunnel,
          hangedman_vaults_pinch, vaults_dpeg_doors, ontoclasm_vaults_shuriken,
          ontoclasm_vaults_bender, v_rooms_2, nicolae_vaults_ring_of_whatevers,
          vaults_room_pool, vaults_room_glass_cross, layout_vaults_maze_bifur
Vaults:3: nicolae_vaults_stairing_the_circle, minmay_crypt_entry_simple_round,
          nicolae_vaults_network_square, vaults_dpeg_hooks,
          nicolae_vaults_circle_grid_b, grunt_vaults_twisty,
          nicolae_vaults_circle_grid_a, nicolae_vaults_little_squares_2,
          nicolae_vaults_rhombus_7, v_pattern_2, dpeg_vaults_monster_box,
          nicolae_vaults_mini_display_case, layout_vaults_omnicross
Vaults:4: v_pattern_5, v_misc_16, vaults_room_boxed, v_misc_8,
          vaults_room_large_hall, nicolae_vaults_network_quincunx
          [nicolae_vaults_network_quincunx_subvault,
          nicolae_vaults_network_quincunx_subvault,
          nicolae_vaults_network_quincunx_subvault,
          nicolae_vaults_network_quincunx_subvault,
          nicolae_vaults_network_quincunx_subvault],
          nicolae_vaults_specimen_jars, hangedman_vaults_variations,
          nicolae_vaults_network_quinsquares
          [nicolae_vaults_network_quincunx_subvault,
          nicolae_vaults_network_quincunx_subvault,
          nicolae_vaults_network_quincunx_subvault,
          nicolae_vaults_network_quincunx_subvault], vaults_dpeg_diagonal,
          nicolae_vaults_what_the_h, vaults_room_pools,
          nicolae_vaults_gold_heap, layout_vaults_omnibox, serial_shops, shop,
          basic_altar
Vaults:5: serial_shops
Depths:1: layout_roguey, enter_ziggurat_f, grunt_metal_band, dk_noncrumbling_4,
          kennysheep_flooded_box, chequers_hall_statues_y, nicolae_wwwww,
          tso_altar, uniq_asterion
Depths:2: minmay_glassy_protrusions, layout_cave_pools,
          hangedman_tar_grid_catacomb, serial_sigils_hangedman_carve,
          laboratory, minmay_shop_star
Depths:3: hangedman_box_tower, layout_twisted_cross,
          serial_sigils_hangedman_gut, hell_entry, grunt_pan_entry_sceptre,
          minmay_fire_ice_demons, infiniplex_staircase_river, uniq_boris
Depths:4: hangedman_crystal_crosses_colossus [crystal_crosses_arms_four,
          crystal_crosses_arms_four, crystal_crosses_arms_two,
          crystal_crosses_arms_one], hell_entry, abyss_entry
Depths:5: lemuel_castle_with_subvaults [lemuel_castle_interior_carwin_3],
          layout_basic, serial_sigils_hangedman_snap, serial_shops,
          nicolae_shop_competitors_out_of_business, hangedman_coc_ice_floe,
          abyss_entry, rand_demon_pan_entry_1, minmay_guarded_unrand_zonguldrok
Zot:1:    layout_misc_corridors, st_large_dragon_hoard_4
Zot:2:    layout_basic, grunt_megastairs_3
Zot:3:    layout_twisted_circle, grunt_megastairs_4
Zot:4:    gammafunk_dig_for_victory, layout_misc_corridors, st_stairs_2
Zot:5:    layout_misc_corridors

Skill      XL: |  1  2  3  4  5  6  7  8  9 10 11 12 13 14 15 16 17 18 19 20 21 22 23 24 25 26 27 |
---------------+----------------------------------------------------------------------------------+-----
Fighting       | 1 2 3 4 6 7 8 10 12 13 15 17 18 19 21 22 | 22.0
Dodging        | 3 4 5 6 7 9 11 12 13 | 13.0
Air Magic      | 5 6 |  6.5
Evocations     | 1 3 5 6 11 12 19 | 19.6
Spellcasting   | 3 4 6 7 8 |  8.0
Hexes          | 2 |  2.0
Invocations    | 1 3 4 5 6 7 9 |  9.0
Poison Magic   | 2 |  2.0
Translocations | 3 5 |  5.0
Unarmed Combat | 7 8 9 11 12 13 14 16 18 19 | 19.0
Necromancy     | 1 2 8 |  8.0
Transmutations | 1 7 10 12 13 | 13.0
Earth Magic    | 1 7 10 11 12 | 12.5
Shields        | 4 9 10 | 10.0
Conjurations   | 4 5 6 10 12 13 15 19 21 23 25 | 25.5
Stealth        | |  2.6

Action                   |  1- 3 |  4- 6 |  7- 9 | 10-12 | 13-15 | 16-18 | 19-21 | 22-24 | 25-27 || total
-------------------------+-------+-------+-------+-------+-------+-------+-------+-------+-------++-------
Melee: Short sword       |     3 |    45 |    24 |       |       |       |       |       |       ||    72
       Constrict         |    11 |    30 |    30 |    66 |   103 |   150 |   122 |   120 |   190 ||   822
       Dagger            |    42 |    71 |       |       |       |       |       |       |       ||   113
       Tentacles         |     7 |    24 |    34 |   165 |   300 |   153 |   230 |   230 |   390 ||  1533
       Staff             |       |       |   103 |   167 |       |       |       |       |       ||   270
       Punch             |       |       |       |    64 |   116 |    73 |   157 |   157 |   289 ||   856
       Unarmed           |       |       |       |   439 |  1082 |   761 |  1042 |   856 |  1356 ||  5536
       Kick              |       |       |       |       |       |       |       |       |    69 ||    69
Throw: Stone             |     7 |       |     1 |       |       |       |       |       |       ||     8
       Javelin           |       |       |       |     7 |       |       |       |       |       ||     7
       Throwing net      |       |       |       |     1 |     1 |       |       |       |       ||     2
 Cast: Shock             |    43 |    83 |     7 |       |       |       |       |       |       ||   133
       Airstrike         |       |       |    67 |    51 |     7 |       |       |       |       ||   125
       Mephitic Cloud    |       |       |     3 |    32 |    38 |       |       |       |       ||    73
       Blink             |       |       |     1 |     5 |     7 |       |       |     1 |       ||    14
       Corona            |       |       |       |     1 |       |       |       |       |       ||     1
       Animate Skeleton  |       |       |       |     1 |       |       |       |       |       ||     1
       Statue Form       |       |       |       |       |    17 |    43 |    52 |    43 |    89 ||   244
       Irradiate         |       |       |       |       |       |     1 |     1 |     6 |     3 ||    11
       Lee's Rapid Decon |       |       |       |       |       |       |     3 |       |       ||     3
       Iron Shot         |       |       |       |       |       |       |       |       |     8 ||     8
       Passage of Golubr |       |       |       |       |       |       |       |       |     2 ||     2
       Passwall          |       |       |       |       |       |       |       |       |     1 ||     1
       Borgnjor's Vile C |       |       |       |       |       |       |       |       |     1 ||     1
Invok: Heroism           |       |       |     2 |    40 |    69 |    45 |    48 |    38 |    78 ||   320
       Finesse           |       |       |       |       |     1 |     1 |       |       |     1 ||     3
Evoke: Wand              |       |       |     5 |     9 |    39 |     6 |       |       |    13 ||    72
       Phantom mirror    |       |       |       |       |       |       |     1 |       |       ||     1
       Condenser vane    |       |       |       |       |       |       |     1 |     3 |       ||     4
       Box of beasts     |       |       |       |       |       |       |       |       |     1 ||     1
  Use: Scroll            |       |     7 |     9 |    14 |     9 |    10 |    14 |    11 |    21 ||    95
       Potion            |       |       |     1 |     5 |     3 |     1 |       |     3 |     4 ||    17
 Stab: Sleeping          |     1 |    12 |     2 |     8 |    27 |     9 |    15 |    13 |    17 ||   104
       Distracted        |       |     1 |       |     1 |     4 |     4 |     2 |     1 |     6 ||    19
       Confused          |       |       |     1 |    40 |    36 |       |       |     6 |     4 ||    87
       Held in net/web   |       |       |       |     1 |       |       |       |       |       ||     1
       Paralysed         |       |       |       |     7 |     2 |     2 |       |       |       ||    11
Armor: Skin              |     3 |    23 |    31 |    59 |   167 |   221 |   347 |   159 |   358 ||  1368
Dodge: Dodged            |    29 |    88 |   110 |   423 |   745 |   614 |  1316 |   731 |  1377 ||  5433
Block: Buckler           |       |       |       |    33 |   219 |       |       |       |       ||   252
       Kite shield       |       |       |       |       |   188 |   621 |  1080 |   694 |  1011 ||  3594

Table legend: (Time is in decaauts)
 A = Elapsed time spent in this place.
 B = Non-inter-level travel time spent in this place.
 C = Inter-level travel time spent in this place.
 D = Time resting spent in this place.
 E = Time spent auto-exploring this place.
 F = Levels seen in this place.
 G = Mean time per level.
                   A        B        C        D        E       F      G
               +--------+--------+--------+--------+--------+-----+--------+
         Total |  71108 |  65031 |   6077 |  15905 |  31776 |  54 | 1316.8 |
       Dungeon |  22903 |  20143 |   2760 |   6846 |   8375 |  15 | 1526.9 |
        Temple |    127 |     92 |     35 |      0 |     86 |   1 |  127.0 |
          Lair |   9567 |   8693 |    874 |   2237 |   4679 |   6 | 1594.5 |
         Swamp |   3433 |   3311 |    122 |    490 |   2038 |   4 |  858.2 |
     Snake Pit |   4732 |   4383 |    349 |    163 |   3080 |   4 | 1183.0 |
  Orcish Mines |   2071 |   1574 |    497 |    184 |    954 |   2 | 1035.5 |
   Elven Halls |   4370 |   3972 |    398 |   1260 |   1710 |   3 | 1456.7 |
        Vaults |   8037 |   7790 |    247 |    598 |   5064 |   5 | 1607.4 |
        Depths |   8096 |   7489 |    607 |    502 |   4718 |   5 | 1619.2 |
           Zot |   4312 |   4127 |    185 |   2234 |    570 |   5 |  862.4 |
        Bailey |    622 |    622 |      0 |    333 |     88 |   1 |  622.0 |
      Ice Cave |   1645 |   1645 |      0 |    651 |    265 |   1 | 1645.0 |
    Desolation |    457 |    457 |      0 |     90 |      0 |   1 |  457.0 |
      Gauntlet |    730 |    730 |      0 |    314 |    146 |   1 |  730.0 |
               +--------+--------+--------+--------+--------+-----+--------+

Top non-repeatable levels by time:
   Zot:5: 3730 daAuts
  Lair:6: 3027 daAuts
   Elf:3: 2468 daAuts
     D:7: 2407 daAuts
    D:10: 2321 daAuts
Depths:3: 2263 daAuts
     D:9: 2190 daAuts
Depths:5: 1981 daAuts
Vaults:4: 1826 daAuts
    D:11: 1775 daAuts
 Snake:4: 1732 daAuts
Vaults:5: 1710 daAuts
  Lair:4: 1646 daAuts
   IceCv: 1645 daAuts
Depths:4: 1645 daAuts
